 Dungeon Crawl Stone Soup version 0.30-a0-457-g4b7bca3bfa (webtiles) character file.

Game seed: 3294408527254880680

850 sokol815 the Covert (level 8, -6/49 HPs)
             Began as a Kobold Delver on Dec 13, 2022.
             Was a Believer of Wu Jian.
             Mangled by an orc warrior
             ... wielding a +0 battleaxe of holy wrath
              (16 damage)
             ... on level 5 of the Dungeon.
             The game lasted 00:10:42 (5389 turns).

sokol815 the Covert (Kobold Delver)                 Turns: 5389, Time: 00:10:43

Health: -6/49      AC:  3    Str:  9    XL:     8   Next: 21%
Magic:  8/8        EV: 20    Int: 18    God:    Wu Jian [**....]
Gold:   395        SH:  6    Dex: 18    Spells: 7/7 levels left

rFire   . . .      SeeInvis .    a - +2 short sword (speed)
rCold   . . .      Faith    +    m - +0 buckler
rNeg    . . .      Spirit   .    t - +0 leather armour {Will+}
rPois   .          Reflect  .    (no helmet)
rElec   .          Harm     .    (no cloak)
rCorr   .          Rampage  .    (no gloves)
Will    +....                    (no boots)
Stlth   +++++.....               o - amulet of faith
HPRegen 0.28/turn                i - +4 ring of evasion
MPRegen 0.11/turn                I - +6 ring of intelligence

@: no status effects
A: small, no large weapons, nightstalker 3
a: Renounce Religion, Wall Jump


You were on level 5 of the Dungeon.
You worshipped Wu Jian.
Wu Jian was pleased with you.
You visited 2 branches of the dungeon, and saw 7 of its levels.

You collected 395 gold pieces.

Inventory:

Hand Weapons
 a - a +2 short sword of speed (weapon)
   (You found it on level 3 of the Dungeon)
 e - a +0 short sword of protection
 u - a +1 mace of protection
   (You found it on level 4 of the Dungeon)
Missiles
 g - 3 poisoned darts
 s - 41 stones
Armour
 m - a +0 buckler (worn)
   (You found it on level 5 of the Dungeon)
 t - a +0 leather armour of willpower (worn)
   (You took it off an orc on level 5 of the Dungeon)
Jewellery
 i - a +4 ring of evasion (left hand)
   (You found it on level 4 of the Dungeon)
 o - an amulet of faith (around neck)
   (You found it on level 1 of the Dungeon)
 p - an amulet of guardian spirit
   (You found it on level 1 of the Dungeon)
 I - a +6 ring of intelligence (right hand)
   (You found it on level 1 of the Dungeon)
Wands
 d - a wand of digging (3)
 j - a wand of polymorph (10)
   (You took it off a gnoll on level 4 of the Dungeon)
 q - a wand of flame (15)
   (You found it on level 4 of the Dungeon)
Scrolls
 c - 2 scrolls of fog
 h - 2 scrolls of enchant armour
 l - a scroll of poison {!r}
 n - 2 scrolls of amnesia
 E - 2 scrolls of fear
 S - a scroll of summoning
 X - 3 scrolls of magic mapping {@r4!r}
 Y - 3 scrolls of teleportation {@r3}
Potions
 b - a potion of might {unknown}
 B - 2 potions of brilliance
 H - 2 potions of haste
 J - 3 potions of curing {@q1}
 M - a potion of magic
 N - a potion of heal wounds {@q2}
 P - a potion of lignification {!q}


   Skills:
 + Level 5.2 Fighting
 * Level 6.3 Short Blades
 - Level 1.2 Maces & Flails
 + Level 5.0 Dodging
 + Level 8.4 Stealth
 * Level 2.5 Shields


You had 7 spell levels left.
You didn't know any spells.
Your spell library contained the following spells:

 Spells                   Type           Power      Damage    Failure   Level
 Shock                    Conj/Air       0%         1d3       43%         1
 Cigotuvi's Dreadful Rot  Necr/Pois/Air  0%         N/A       56%         2
 Poisonous Vapours        Pois/Air       0%         N/A       56%         2
 Mephitic Cloud           Conj/Pois/Air  0%         N/A       80%         3
 Swiftness                Air            0%         N/A       80%         3
 Airstrike                Air            0%         2d(0-16)  99%         4


Dungeon Overview and Level Annotations

Branches:
Dungeon (6/15) Zot: 26801  Temple (1/1) D:5 Zot: 5875

Altars:
Cheibriados
Elyvilon
Hepliaklqana
Kikubaaqudgha
Makhleb
Okawaru
Ru
Sif Muna
Trog
Uskayaw
Vehumet
Wu Jian
Yredelemnul

Shops:
D:4 **

Annotations:
D:3 3 runed translucent doors


Innate Abilities, Weirdness & Mutations

You are small and have problems with some larger weapons.
You are completely attuned to the shadows.


Message History

An orc priest comes into view. It is wielding a +0 club.
An orc warrior and an orc wizard come into view.
The orc warrior is wielding a +0 battleaxe of holy wrath.
Found a stone staircase leading down.
An orc comes into view. It is wielding a +0 dagger.
You lunge at the orc priest, in a flurry of attacks.
The helpless orc priest fails to defend itself.
You skewer the orc priest like a kebab!!!
You kill the orc priest!
The Council accepts your kill.
An orc comes into view. It is wielding a +0 dagger.
The orc shouts!
The orc wizard shouts!
The orc warrior shouts!
You lunge at the orc, in a flurry of attacks.
You catch the helpless orc completely off-guard!
You impale the orc!!
You kill the orc!
The Council accepts your kill.
You spin and attack the orc wizard repeatedly.
You hit the orc wizard. You barely miss the orc wizard.
The orc wizard closely misses you.
You spin and attack the orc repeatedly.
You closely miss the orc. x2
The orc wizard attacks as you move away!
You block the orc wizard's attack.
There is an escape hatch in the ceiling here.
The orc wizard mumbles some strange words.
The orc wizard flickers and vanishes!
Deactivating autopickup; reactivate with Ctrl-A.
The orc warrior hits you with a +0 battleaxe of holy wrath!!
A mysterious force pulls you upwards. The hatch slams shut behind you.
Reactivating autopickup.
You take 22 damage, and have 27/49 hp.
MASSIVE DAMAGE!!
Okay, then.
The orc warrior attacks as you move away!
The orc warrior misses you.
There is an open door here.
There is nothing to wall jump against here.
Okay, then.
The orc warrior attacks as you move away!
You block the orc warrior's attack.
You repeatedly attack the orc warrior from above.
You hit the orc warrior but do no damage.
You closely miss the orc warrior. You hit the orc warrior.
You hit the orc warrior but do no damage.
The orc warrior misses you. The orc warrior closely misses you.
You hit the orc warrior but do no damage.
The orc warrior misses you.
You repeatedly attack the orc warrior from above.
You hit the orc warrior but do no damage. x3
You barely miss the orc warrior.
You hit the orc warrior but do no damage.
You block the orc warrior's attack. The orc warrior closely misses you.
You repeatedly attack the orc warrior from above.
You hit the orc warrior but do no damage. x3
You hit the orc warrior.
You hit the orc warrior but do no damage.
The orc warrior misses you. You block the orc warrior's attack.
You repeatedly attack the orc warrior from above.
You hit the orc warrior but do no damage.
You hit the orc warrior. x2
The orc warrior hits you with a +0 battleaxe of holy wrath!
The orc warrior misses you.
You take 10 damage, and have 21/49 hp.
MASSIVE DAMAGE!!
You hit the orc warrior but do no damage.
You hit the orc warrior. The orc warrior closely misses you.
You completely miss the orc warrior. You barely miss the orc warrior.
You barely miss the orc warrior. The orc warrior misses you.
You hit the orc warrior but do no damage.
The orc warrior misses you.
You closely miss the orc warrior.
Aim: an orc warrior, wielding a +0 battleaxe of holy wrath and wearing a +0 plate armour (heavily wounded, chance to affect: 64%)
The orc warrior struggles to resist.
The orc warrior barely misses you.
Aim: an orc warrior, wielding a +0 battleaxe of holy wrath and wearing a +0 plate armour (heavily wounded, chance to affect: 64%)
The orc warrior's mind is blasted!
The orc warrior barely misses you.
Aim: an orc warrior, wielding a +0 battleaxe of holy wrath and wearing a +0 plate armour (almost dead, chance to affect: 64%)
The orc warrior struggles to resist.
The now-empty wand crumbles to dust.
The orc warrior completely misses you.
Please select a direction to dig.
Okay, then.
Aim: an orc warrior, wielding a +0 battleaxe of holy wrath and wearing a +0 plate armour (almost dead, 68% to hit)
The puff of flame hits the orc warrior.
The orc warrior barely misses you.
Aim: an orc warrior, wielding a +0 battleaxe of holy wrath and wearing a +0 plate armour (almost dead, 68% to hit)
The puff of flame misses the orc warrior.
You block the orc warrior's attack.
Aim: an orc warrior, wielding a +0 battleaxe of holy wrath and wearing a +0 plate armour (almost dead, 68% to hit)
The puff of flame misses the orc warrior.
The orc warrior misses you.
Aim: an orc warrior, wielding a +0 battleaxe of holy wrath and wearing a +0 plate armour (almost dead, 68% to hit)
The puff of flame misses the orc warrior.
The orc warrior hits you with a +0 battleaxe of holy wrath!
* * * LOW HITPOINT WARNING * * *
You take 15 damage, and have 9/49 hp.
MASSIVE DAMAGE!!
You hit the orc warrior. The orc warrior misses you.
You barely miss the orc warrior.
You hit the orc warrior but do no damage.
The orc warrior hits you with a +0 battleaxe of holy wrath!
You die...

......#...)..#...##...##...<##...
#.....#......#....#.........#....
#[....#......#..>.#.........##...
#######......#...#########..##...
#......#...# #####...
#......#...# #.... #......#...#
##... #......#.o.# ####
#......#..@# #......'...#
#......#...# ###....##### #....#
#....# #....# #....# #....#


You could see an orc warrior.

Vanquished Creatures
  Eustachio (D:6)
  An ogre (D:5)
  2 black bears
  A phantom (D:5)
  A crimson imp (D:5)
  A hound (D:5)
  2 jellies
  A gnoll bouda (D:4)
  An orc priest (D:6)
  An iguana (D:6)
  4 gnolls (D:4)
  3 adders
  A white imp (D:5)
  An ufetubus (D:5)
  2 worms
  3 dart slugs
  3 orcs
  6 ball pythons
  6 bats
  2 giant cockroaches
  9 goblins
  8 hobgoblins
  6 jackals (D:1)
  4 quokkas
  3 frilled lizards
  4 kobolds
  10 rats
87 creatures vanquished.

Notes
Turn   | Place    | Note
-------+----------+-------------------------------------------
     0 | D:5      | sokol815 the Kobold Delver began the quest for the Orb.
     0 | D:5      | Reached XP level 1. HP: 14/14 MP: 1/1
    54 | D:5      | HP: 3/14 [white imp/puff of frost (7)]
    74 | D:5      | Found a staircase to the Ecumenical Temple.
    78 | Temple   | Entered the Ecumenical Temple
   165 | Temple   | Became a worshipper of the Wu Jian Council
   270 | D:4      | Found Heghyhuf's Specific Store.
   271 | D:4      | Found Teneuxap's General Store.
   612 | D:2      | Reached XP level 2. HP: 19/19 MP: 2/2
   633 | D:2      | Found a hazy altar of Hepliaklqana.
   738 | D:1      | Reached skill level 3 in Dodging
   946 | D:1      | Reached XP level 3. HP: 24/24 MP: 3/3
   962 | D:1      | Reached skill level 7 in Stealth
  1275 | D:1      | Reached * piety under Wu Jian
  1610 | D:2      | Reached XP level 4. HP: 29/29 MP: 4/4
  1787 | D:2      | Reached skill level 1 in Maces & Flails
  1996 | D:3      | Found a runed translucent gate.
  1997 | D:3      | Found a runed translucent gate.
  2018 | D:3      | Found a runed translucent gate.
  2459 | D:3      | Reached ** piety under Wu Jian
  2460 | D:3      | Reached skill level 4 in Fighting
  3004 | D:4      | Reached skill level 3 in Short Blades
  3004 | D:4      | Reached XP level 5. HP: 33/33 MP: 5/5
  3474 | D:4      | Reached skill level 4 in Short Blades
  4130 | D:5      | Reached XP level 6. HP: 35/39 MP: 6/6
  4181 | D:5      | Reached skill level 4 in Dodging
  4592 | D:5      | Noticed an ogre
  4594 | D:5      | Killed an ogre
  4595 | D:5      | Reached skill level 5 in Short Blades
  4595 | D:5      | Reached skill level 8 in Stealth
  4595 | D:5      | Reached skill level 1 in Shields
  4595 | D:5      | Reached XP level 7. HP: 44/44 MP: 7/7
  5205 | D:6      | Found a bloodstained altar of Trog.
  5211 | D:6      | Reached skill level 5 in Fighting
  5211 | D:6      | Reached skill level 2 in Shields
  5270 | D:6      | Noticed Eustachio
  5273 | D:6      | Killed Eustachio
  5274 | D:6      | Reached skill level 6 in Short Blades
  5274 | D:6      | Reached skill level 5 in Dodging
  5274 | D:6      | Reached XP level 8. HP: 49/49 MP: 8/8
  5386 | D:5      | HP: 9/49 [orc warrior/+0 battleaxe of holy wrath (15)]
  5389 | D:5      | Mangled by an orc warrior

Illustrated notes

Levels and vault maps discovered:
D:1:      dpeg_arrival_tiny_b, layout_basic
D:2:      layout_rooms, basic_altar
D:3:      layout_loops_corners, gammafunk_ghost_split
D:4:      layout_layer_cave, nicolae_specific_store, minmay_crossroads
D:5:      layout_gridville, minmay_temple_entry_steel_oval,
          minmay_fire_ice_demons
D:6:      kennysheep_housing_project, layout_cave_pools,
          overflow_temple_1_default, uniq_eustachio
Temple:   nicolae_temple_elliptical

Skill      XL: |  1  2  3  4  5  6  7 |
---------------+----------------------+-----
Dodging        | 3 4 5 |  5.0
Stealth        | 7 8 |  8.4
Maces & Flails | 1 |  1.2
Fighting       | 4 5 |  5.2
Short Blades   | 3 4 5 6 |  6.3
Shields        | 1 2 |  2.5

Action                   |  1- 3 |  4- 6 |  7- 9 || total
-------------------------+-------+-------+-------++-------
Melee: Mace              |    74 |    43 |       ||   117
       Short sword       |     5 |    76 |    55 ||   136
       Punch             |     2 |     2 |       ||     4
Invok: Lunge             |     7 |    18 |     8 ||    33
       Whirlwind         |       |     2 |     2 ||     4
 Abil: Wall Jump         |       |       |     4 ||     4
Evoke: Wand              |       |       |     7 ||     7
  Use: Scroll            |     1 |     9 |     5 ||    15
 Stab: Sleeping          |    23 |    22 |     8 ||    53
       Distracted        |       |     1 |     1 ||     2
Armor: Leather armour    |    13 |    13 |     1 ||    27
Dodge: Dodged            |    65 |    53 |    30 ||   148
Block: Buckler           |       |       |     7 ||     7

Table legend: (Time is in decaauts)
 A = Elapsed time spent in this place.
 B = Non-inter-level travel time spent in this place.
 C = Inter-level travel time spent in this place.
 D = Time resting spent in this place.
 E = Time spent auto-exploring this place.
 F = Levels seen in this place.
 G = Mean time per level.
                   A        B        C        D        E       F      G
               +--------+--------+--------+--------+--------+-----+--------+
         Total |   5392 |   5196 |    196 |    100 |   4383 |   7 |  770.3 |
       Dungeon |   5267 |   5108 |    159 |    100 |   4308 |   6 |  877.8 |
        Temple |    124 |     87 |     37 |      0 |     75 |   1 |  124.0 |
               +--------+--------+--------+--------+--------+-----+--------+

Top non-repeatable levels by time:
     D:4: 1420 daAuts
     D:5: 1293 daAuts
     D:3: 1059 daAuts
     D:1: 807 daAuts
     D:2: 513 daAuts
     D:6: 172 daAuts
  Temple: 124 daAuts

Table legend:
 A = Kills in this place as a percentage of kills in entire the game.
 B = Kills by you in this place as a percentage of kills by you in the entire game.
 C = Kills by friends in this place as a percentage of kills by friends in the entire game.
 D = Other kills in this place as a percentage of other kills in the entire game.
 E = Experience gained in this place as a percentage of experience gained in the entire game.
 F = Experience gained in this place divided by the number of levels of this place that you have seen.
                   A       B       C       D       E      F
               +-------+-------+-------+-------+-------+----------------------
         Total | 100.0 | 100.0 |   N/A |   N/A | 100.0 | 173.6
       Dungeon | 100.0 | 100.0 |   N/A |   N/A | 100.0 | 202.5
               +-------+-------+-------+-------+-------+----------------------
